Map: Jardín de sombras

Players

MrFercho

  • Race: Zerg Zerg
  • League: Gold
  • Spawn Location: 1:00

TATORREA

  • Race: Protoss Protoss
  • League: Gold
  • Spawn Location: 7:00

tigro

  • Race: Terran Terran
  • League: Bronze
  • Spawn Location: 5:00

VOD

Have the link to the VOD?

Description

Time

  • Played on: July 24, 2020, 9 p.m.
  • Length: 24:53
Show
View Real Time Build Order
Export as new Build Order

MrFercho Zerg 

Build Orders: Hatch First, Lurkers 

Get SALT Encoding   

  12  0:01  Drone  
  13  0:18  Overlord  
  14  0:21  Drone  
  14  0:36  Drone x2  
  16  0:54  Hatchery  
  16  0:56  Drone  
  16  0:57  Drone  
  17  1:09  Drone  
  18  1:16  Extractor  
  17  1:19  Spawning Pool  
  17  1:23  Drone  
  17  1:27  Drone  
  18  1:33  Drone  
  19  1:44  Drone  
  20  1:56  Overlord  
  20  2:05  Queen  
  20  2:06  Queen  
  20  2:08  Zergling x4  
  26  2:16  Drone  
  26  2:17  Drone  
  28  2:29  Drone x2  
  30  2:40  Drone x2  
  32  2:45  Queen  
  32  2:48  Lair  
  34  2:54  Roach Warren  
  33  3:06  Drone x3  
  36  3:19  Metabolic Boost  
  36  3:22  Overlord x3  
  36  3:41  Extractor  
  35  3:42  Extractor  
  34  3:50  Drone x7  
  40  4:11  Queen  
  40  4:12  Glial Reconstitution  
  40  4:15  Roach  
  40  4:16  Roach x3  
  50  4:18  Drone x3  
  50  4:23  Drone  
  54  4:25  Drone x3  
  54  4:27  Overlord  
  57  4:37  Overlord  
  57  4:46  Roach x2  
  61  4:58  Drone  
  62  5:00  Extractor, Drone x3  
  62  5:04  Roach  
  66  5:12  Drone x2  
  66  5:13  Drone  
  69  5:23  Roach x3  
  69  5:24  Overlord x2  
  75  5:33  Hatchery  
  74  5:37  Burrow  
  74  5:43  Drone x6  
  74  5:46  Overlord x2  
  80  6:00  Overseer, Spore Crawler  
  79  6:06  Drone  
  79  6:07  Spore Crawler  
  79  6:09  Drone  
  80  6:13  Drone x5  
  82  6:33  Zergling x4  
  82  6:34  Roach x5  
  93  6:47  Pneumatized Carapace  
  89  7:11  Drone x10  
  89  7:13  Extractor  
  89  7:15  Extractor  
  97  7:19  Hatchery  
  97  7:21  Hydralisk Den  
  95  7:25  Spire  
  94  7:33  Roach x5  
  94  7:34  Roach x2  
  108  7:37  Tunneling Claws  
  108  7:40  Drone x2  
  110  7:49  Drone x4  
  114  7:52  Roach x15  
  114  8:04  Overlord  
  114  8:05  Overlord x3  
  114  8:23  Spine Crawler  
  113  8:31  Muscular Augments  
  101  8:48  Roach x3  
  101  8:49  Roach x9  
  101  8:52  Zerg Flyer Weapons Level 1  
  123  8:57  Roach x5  
  100  9:23  Hydralisk x2  
  100  9:24  Hydralisk x7  
  97  9:25  Overlord x2  
  97  9:26  Overlord  
  109  9:31  Spore Crawler  
  109  9:35  Drone  
  109  9:36  Drone x2, Spine Crawler x2  
  109  9:37  Queen, Spine Crawler  
  110  9:42  Grooved Spines  
  110  9:44  Lurker Den  
  109  9:54  Hatchery  
  108  10:03  Roach x6  
  108  10:04  Roach x6  
  132  10:16  Hydralisk x7  
  132  10:20  Queen  
  148  10:21  Overlord  
  148  10:25  Roach x10  
  148  10:35  Drone x6  
  150  10:56  Hydralisk  
  150  10:57  Hydralisk x8  
  144  11:01  Overseer  
  144  11:02  Hatchery  
  151  11:05  Infestation Pit  
  151  11:07  Zerg Flyer Weapons Level 2  
  151  11:25  Drone x2  
  151  11:26  Drone x8  
  160  11:39  Extractor  
  159  11:41  Extractor  
  158  11:47  Lurker  
  158  11:50  Lurker x2  
  158  11:51  Lurker  
  158  11:52  Lurker  
  163  11:54  Hive  
  163  12:06  Evolution Chamber  
  163  12:07  Evolution Chamber  
  161  12:16  Hydralisk x10  
  161  12:17  Hydralisk x3  
  161  12:18  Overlord  
  161  12:20  Overlord  
  187  12:29  Hydralisk x27  
  187  12:30  Drone  
  187  12:32  Hydralisk  
  188  12:43  Hydralisk x6  
  200  13:02  Roach x6  
  172  13:30  Adaptive Talons  
  172  13:43  Drone x4  
  172  13:44  Drone x4  
  172  13:45  Drone x2  
  172  13:46  Drone  
  183  13:56  Lurker  
  183  13:57  Lurker x4  
  183  13:58  Hydralisk x6  
  190  14:12  Zerg Ground Armor Level 1, Zerg Missile Weapons Level 1  
  190  14:18  Zerg Flyer Weapons Level 3, Evolution Chamber  
  189  14:27  Seismic Spines  
  189  14:45  Nydus Network  
  139  14:54  Hydralisk x3  
  139  14:55  Hydralisk x23  
  139  14:57  Hydralisk  
  178  15:15  Hydralisk  
  178  15:16  Hydralisk x6  
  178  15:17  Hydralisk  
  182  15:30  Drone x4  
  182  15:31  Spire  
  182  15:34  Zerg Melee Weapons Level 1  
  185  15:53  Overseer  
  185  15:57  Spore Crawler  
  185  16:01  Hatchery  
  185  16:02  Spine Crawler  
  185  16:03  Drone  
  183  16:04  Drone x2, Spine Crawler x2  
  129  16:43  Zergling x18  
  129  16:44  Zergling x54  
  129  16:45  Zergling x8  
  169  16:51  Lurker x5  
  169  16:52  Lurker  
  169  16:54  Hydralisk x6  
  175  17:06  Greater Spire  
  152  17:24  Hydralisk x11  
  152  17:26  Hydralisk  
  105  18:04  Corruptor x4  
  98  18:27  Corruptor x5  
  69  19:25  Spawning Pool  
  55  19:47  Drone x6  
  20  20:32  Hatchery  
  20  20:33  Hatchery x3  
  16  22:10  Drone x2  
  16  22:11  Drone x10  
  14  23:07  Drone  
  14  23:08  Drone x11  
  26  23:25  Overlord  
  26  23:26  Overlord x3  
  26  23:42  Spawning Pool  
  25  23:51  Overlord x6  
  25  23:52  Overlord  
  25  24:00  Extractor  
  25  24:02  Extractor  
  23  24:03  Extractor  
  23  24:04  Extractor  
  23  24:08  Drone x2  
  23  24:09  Drone x7  
  30  24:33  Drone  
  30  24:34  Drone x3  
Show
View Real Time Build Order
Export as new Build Order

TATORREA Protoss 

Build Orders:  

Get SALT Encoding   

  12  0:01  Probe  
  13  0:15  Probe  
  14  0:21  Pylon  
  14  0:35  Probe  
  15  0:51  Probe  
  15  0:55  Gateway  
  16  0:59  Probe  
  17  1:04  Assimilator  
  17  1:08  Pylon  
  17  1:09  Probe  
  18  1:21  Probe  
  19  1:33  Probe  
  20  1:44  Cybernetics Core  
  20  1:45  Probe  
  21  1:49  Gateway  
  21  1:54  Pylon  
  21  1:57  Probe  
  21  1:59  Assimilator  
  22  2:05  Probe  
  23  2:19  Probe  
  24  2:24  Gateway  
  24  2:25  Gateway  
  24  2:27  Adept  
  24  2:29  Warp Gate  
  25  2:39  Adept  
  27  3:00  Adept  
  27  3:02  Shield Battery  
  27  3:04  Shield Battery  
  29  3:09  Adept  
  31  3:25  Nexus  
  31  3:38  Pylon  
  31  3:39  Adept  
  33  3:45  Adept  
  35  3:53  Probe  
  36  4:05  Probe  
  37  4:14  Twilight Council  
  37  4:17  Probe  
  37  4:23  Adept  
  40  4:24  Adept x2  
  40  4:29  Probe  
  45  4:32  Resonating Glaives  
  45  4:43  Pylon  
  45  4:47  Pylon  
  45  4:50  Probe  
  45  4:51  Probe  
  47  4:58  Probe  
  47  4:59  Probe  
  47  5:06  Probe  
  49  5:07  Probe  
  51  5:16  Pylon  
  51  5:18  Probe  
  51  5:19  Probe  
  51  5:20  Pylon  
  53  5:31  Adept x2, Probe x2  
  59  5:43  Probe x2  
  59  5:48  Assimilator  
  61  5:50  Assimilator  
  61  5:55  Probe x2  
  63  6:07  Probe x2  
  53  6:40  Charge  
  49  6:51  Stalker x2  
  49  6:52  Stalker x2  
  51  7:03  Robotics Facility  
  51  7:21  Pylon  
  51  7:23  Pylon  
  51  7:25  Nexus  
  51  7:33  Stalker  
  51  7:35  Stalker x2  
  57  7:37  Zealot  
  57  7:38  Forge  
  57  7:40  Forge  
  57  7:41  Gateway  
  57  7:42  Forge  
  59  7:44  Gateway, Templar Archives  
  59  7:46  Gateway  
  59  7:47  Gateway  
  59  7:50  Gateway, Probe  
  59  7:51  Gateway, Probe  
  61  7:53  Protoss Ground Armor Level 1  
  61  7:55  Protoss Shields Level 1  
  61  7:57  Protoss Air Weapons Level 1  
  61  7:58  Immortal  
  65  8:02  Protoss Ground Weapons Level 1  
  65  8:03  Probe x2  
  67  8:11  Blink  
  67  8:15  Probe x2  
  69  8:29  Stalker x2  
  73  8:35  Probe x2  
  73  8:37  Probe, Observer  
  77  8:48  Probe x2  
  79  8:58  Immortal  
  79  9:01  Zealot  
  79  9:02  Zealot x3  
  69  9:27  Probe  
  69  9:29  Probe x2  
  72  9:35  Probe  
  72  9:41  Probe x2  
  75  9:46  Probe  
  76  9:53  Probe x2  
  76  9:54  Pylon  
  76  9:57  Pylon, Zealot  
  76  9:58  Probe, Zealot x2  
  76  9:59  Zealot  
  87  10:00  Pylon  
  87  10:03  Zealot  
  87  10:04  Assimilator  
  89  10:08  Pylon, Psionic Storm  
  89  10:09  Assimilator  
  89  10:12  Probe  
  89  10:13  Probe x2  
  89  10:14  Pylon  
  92  10:24  Probe  
  92  10:25  Probe x2  
  95  10:38  Probe x2  
  95  10:39  Protoss Ground Armor Level 2, Protoss Ground Weapons Level 2  
  95  10:40  Probe  
  98  10:43  Protoss Shields Level 2  
  98  10:45  Nexus  
  98  10:47  Pylon  
  98  10:48  Pylon  
  102  10:57  Immortal  
  102  11:08  High Templar x3  
  102  11:09  High Templar x2  
  112  11:16  Probe x3  
  115  11:28  Probe x3  
  118  11:36  Gateway  
  118  11:38  Gateway  
  118  11:40  Probe x2  
  118  11:43  Immortal  
  124  11:48  Archon x2  
  124  11:50  Gateway  
  124  12:00  Probe x2  
  124  12:01  Probe x2  
  127  12:05  Zealot x4  
  127  12:06  Zealot  
  138  12:12  Probe  
  138  12:13  Probe  
  140  12:20  Assimilator  
  140  12:22  Assimilator  
  140  12:25  Stargate  
  140  12:27  Stargate  
  140  12:28  Stargate  
  140  12:41  Pylon  
  140  12:45  Pylon  
  140  12:48  Pylon  
  140  12:51  Protoss Ground Weapons Level 3, Gateway  
  140  12:52  Protoss Shields Level 3, Protoss Ground Armor Level 3  
  140  12:53  Zealot  
  140  12:54  Gateway, Zealot x2  
  140  12:57  Gateway  
  146  12:59  Immortal  
  150  13:11  Nexus  
  150  13:13  Pylon  
  150  13:15  Probe x2  
  150  13:16  Pylon, Probe x2  
  154  13:27  Probe  
  155  13:38  Fleet Beacon  
  155  13:41  Gateway  
  155  13:42  High Templar x4  
  155  13:43  Gateway, High Templar x3  
  155  13:44  High Templar  
  155  13:45  High Templar  
  173  13:48  Zealot  
  173  13:49  Zealot  
  173  13:53  Archon x3  
  173  13:54  Gateway, Archon  
  173  13:55  Immortal  
  177  13:56  Archon  
  177  13:58  Gateway  
  181  14:18  Zealot x3  
  181  14:19  Zealot x4  
  181  14:20  Zealot x2  
  101  15:02  Observer  
  101  15:04  Zealot x3  
  101  15:05  Zealot x2  
  101  15:06  High Templar x5  
  122  15:07  High Templar x3  
  106  15:21  Archon x3  
  106  15:22  Archon  
  106  15:23  Zealot  
  106  15:24  Zealot x4  
  116  15:28  Carrier x2  
  116  15:32  Tempest  
  133  15:45  Zealot x3  
  133  15:46  Zealot x5  
  133  15:47  Zealot x4  
  157  15:56  Robotics Bay  
  157  16:01  Assimilator  
  157  16:03  Assimilator  
  157  16:16  Stalker  
  157  16:17  Stalker x4  
  157  16:18  Stalker x4  
  171  16:19  Stalker x2  
  171  16:20  Zealot  
  171  16:23  Zealot  
  171  16:24  Zealot  
  185  16:31  Nexus  
  185  16:34  Pylon x2  
  185  16:35  Protoss Air Weapons Level 2, Assimilator  
  185  16:36  Assimilator  
  185  16:44  Zealot x2  
  185  16:45  Zealot x4  
  185  16:46  Zealot  
  199  16:56  Gravitic Boosters  
  187  17:53  Extended Thermal Lance  
  181  18:04  Zealot x3  
  181  18:05  Zealot x5  
  189  18:06  Zealot x5  
  197  18:21  Zealot  
  181  19:03  Zealot  
  181  19:04  Zealot x5  
  181  19:05  Zealot x3  
  178  20:02  High Templar x2  
  178  20:03  High Templar x4  
  178  20:04  High Templar x5  
  200  20:08  Archon x4  
  200  20:09  Archon  
  198  20:44  Zealot  
  184  21:02  Carrier  
  184  21:03  Carrier  
  176  21:06  Tempest  
  131  21:38  Tempest  
  114  21:51  Stalker x3  
  114  21:52  Stalker x5  
  114  21:53  Stalker x5, Carrier  
  114  21:54  Stalker x3, Tempest  
  145  21:55  Stalker x4  
  156  22:13  Carrier  
  156  22:15  Protoss Air Weapons Level 3  
  156  22:21  Nexus  
  162  22:24  Pylon x2  
  162  22:34  Tempest  
  167  22:47  Carrier  
  162  23:02  Stalker x4  
  162  23:03  Stalker x4  
  162  23:04  Stalker x5  
  162  23:05  Stalker x4  
  194  23:06  Stalker x2  
  178  23:50  Stalker  
  178  23:51  Stalker x4, Tempest  
  178  23:52  Stalker x5  
  199  24:02  Nexus  
Show
View Real Time Build Order
Export as new Build Order

tigro Terran 

Build Orders:  

Get SALT Encoding   

  12  0:15  SCV  
  12  0:20  Supply Depot  
  13  0:27  SCV  
  14  0:40  SCV  
  15  0:42  Supply Depot  
  15  0:52  Barracks  
  15  1:05  SCV  
  16  1:11  Refinery  
  16  1:32  Engineering Bay  
  16  1:36  SCV  
  17  1:41  Barracks, Marine  
  18  1:48  SCV  
  18  1:54  Refinery  
  19  1:59  Marine  
  20  2:18  SCV  
  22  2:30  SCV  
  22  2:31  Barracks Reactor  
  22  2:35  Barracks Tech Lab  
  22  2:42  SCV  
  23  2:50  Factory  
  23  2:54  SCV  
  24  3:01  Combat Shield  
  24  3:06  SCV  
  24  3:12  Marine x2  
  27  3:20  Terran Infantry Weapons Level 1  
  27  3:26  Orbital Command  
  27  3:30  Marine x2  
  29  3:37  Factory Tech Lab  
  29  3:48  Marine x2  
  31  4:05  Marine  
  31  4:06  Marine  
  31  4:09  Command Center  
  33  4:20  Stimpack  
  33  4:30  Starport  
  33  4:48  Siege Tank  
  36  5:15  Terran Infantry Armor Level 1  
  36  5:20  Siege Tank  
  39  5:21  Marine  
  39  5:22  Marine  
  39  5:23  Refinery  
  41  5:31  Refinery  
  41  5:36  SCV  
  41  5:39  Marine x2  
  44  5:48  SCV  
  45  5:57  Marine x2  
  45  6:00  SCV  
  48  6:05  Missile Turret  
  48  6:13  SCV  
  48  6:15  Marine x2  
  51  6:25  SCV  
  52  6:37  Medivac, SCV  
  55  6:43  Missile Turret  
  55  6:49  SCV  
  56  7:01  SCV  
  57  7:09  Starport Tech Lab  
  57  7:13  SCV  
  58  7:19  Starport  
  58  7:22  Hi-Sec Auto Tracking, Missile Turret  
  58  7:25  SCV  
  58  7:28  Mag-Field Accelerator  
  59  7:37  SCV  
  59  7:41  Armory  
  59  7:44  Missile Turret  
  60  7:49  SCV  
  61  8:00  Fusion Core  
  61  8:01  SCV  
  62  8:08  Missile Turret  
  62  8:19  Neosteel Armor  
  62  8:30  SCV  
  62  8:33  Missile Turret  
  62  9:07  Supply Depot  
  62  9:08  Infernal Pre-Igniter  
  62  9:18  Terran Vehicle And Ship Armor Level 1  
  62  9:22  Command Center  
  62  9:29  Widow Mine, SCV  
  62  9:30  Supply Depot  
  62  9:31  Weapon Refit  
  65  9:50  Widow Mine  
  67  9:52  Supply Depot  
  67  9:59  Terran Infantry Weapons Level 2  
  67  10:01  Refinery  
  67  10:12  Widow Mine  
  69  10:15  Supply Depot  
  69  10:26  Drilling Claws  
  69  10:33  Widow Mine  
  71  10:39  Supply Depot  
  67  10:55  Widow Mine  
  67  10:56  Missile Turret  
  63  10:59  Marine x3  
  62  11:11  Rapid Reignition System  
  62  11:12  Terran Vehicle Weapons Level 1  
  62  11:16  Missile Turret  
  62  11:17  Marine x3  
  65  11:34  Planetary Fortress  
  65  11:35  Marine, Missile Turret  
  66  11:45  Smart Servos  
  66  11:55  Missile Turret, Refinery  
  66  12:01  Factory  
  66  12:08  Planetary Fortress  
  66  12:15  Missile Turret, Terran Infantry Armor Level 2  
  66  12:23  Thor  
  66  12:27  Starport Tech Lab  
  72  12:34  Missile Turret  
  72  12:43  SCV  
  73  12:55  SCV  
  73  12:56  Missile Turret  
  73  12:58  Marine x3  
  77  13:06  Thor  
  77  13:07  Terran Ship Weapons Level 1  
  77  13:08  SCV  
  84  13:15  Marine, Missile Turret  
  84  13:16  Marine x2  
  87  13:20  SCV  
  88  13:28  Battlecruiser  
  88  13:29  Battlecruiser  
  88  13:32  SCV  
  101  13:34  Missile Turret  
  101  13:44  SCV  
  102  13:49  Thor  
  102  13:53  Missile Turret  
  108  13:56  SCV  
  106  14:10  Refinery  
  106  14:13  Missile Turret  
  106  14:31  Terran Infantry Weapons Level 3  
  106  14:33  Battlecruiser  
  106  14:35  Factory Tech Lab  
  112  14:44  Battlecruiser  
  118  14:46  Missile Turret  
  118  14:53  SCV  
  119  15:06  SCV  
  120  15:07  Missile Turret  
  120  15:13  Supply Depot  
  120  15:18  SCV  
  121  15:30  SCV  
  122  15:36  Supply Depot  
  122  15:37  Battlecruiser  
  122  15:42  SCV  
  129  15:49  Battlecruiser  
  135  15:59  Supply Depot  
  121  16:41  Medivac  
  123  17:02  Command Center  
  123  17:21  Refinery  
  123  17:24  Refinery  
  123  17:54  Marine x3  
  126  18:08  Battlecruiser x2  
  126  18:11  Marine  
  126  18:12  Marine x2  
  141  18:24  Command Center  
  141  18:29  Marine  
  141  18:30  Marine x2  
  144  18:47  Marine x3  
  142  19:05  Marine  
  143  19:12  Battlecruiser x2  
  145  20:16  Battlecruiser x2  
  157  20:23  Refinery  
  157  20:36  Refinery  
  157  20:51  Marine x3  
  156  21:09  Marine x3  
  123  21:20  Battlecruiser  
  123  21:21  Battlecruiser  
  129  21:27  Marine x3  
  123  21:44  Marine  
  123  21:45  Marine x2  
  123  22:24  Supply Depot  
  123  22:36  Supply Depot  
  123  22:46  Supply Depot  
  123  23:00  Supply Depot  
  123  23:11  Supply Depot  
  123  23:21  Marine  
  123  23:22  Supply Depot  
  124  23:31  Battlecruiser  
  124  23:33  Battlecruiser, Siege Tank  
  138  23:35  Supply Depot  
  119  23:44  Supply Depot  
  92  23:52  Marine x2  
  92  23:53  Marine  
  77  24:08  Supply Depot  
  75  24:10  Marine x2  
Tags
 
Add a new tag
Caveats
  • Supply blocks, unpowered buildings, or Contaminate may cause inaccurate times.
  • Supply counts are checked every 10 seconds.